[Event "6th Cesme Open-A 2018"]
[Site "Cesme"]
[Date "2018.06.30"]
[Round "7.8"]
[White "Danin, Alexandre"]
[Black "Isik, Engin Yasar"]
[Result "1/2-1/2"]
[ECO "B92"]
[WhiteElo "2539"]
[BlackElo "2156"]
[Annotator "ChessBase"]
[PlyCount "110"]
[EventDate "2018.06.26"]
[EventType "swiss"]
[EventCountry "TUR"]
[SourceTitle "playchess.com"]
[Source "ChessBase"]
[SourceQuality "1"]
[TimeControl "5400+30"]

1. e4 c5 2. Nf3 d6 3. d4 cxd4 4. Nxd4 Nf6 5. Nc3 a6 6. Be2 e5 7. Nb3 Be7 8. Bg5 Be6 9. Bxf6 Bxf6 10. Qd3 Nc6 11. Nd5 Bg5 12. Rd1 O-O 13. c3 Rc8 14. h3 Ne7 15. Nxe7+ Qxe7 16. Bg4 Rfd8 17. Bxe6 fxe6 18. O-O Qc7 19. Qe2 Bf6 20. Rd3 Rf8 21. Qg4 Qe7 22. Rfd1 Rfd8 23. g3 Rd7 24. Nd2 b5 25. h4 Re8 26. Nb3 Rdd8 27. Na1 Qc7 28. Nc2 a5 29. Ne3 Qc6 30. a3 Kh8 31. R1d2 Rd7 32. Qd1 Be7 33. Qh5 Rf8 34. Qg4 Rf6 35. Ng2 Bd8 36. Rf3 Rdf7 37. Rxf6 Rxf6 38. Qe2 Bb6 39. Qd3 h6 40. Ne3 Bxe3 41. Qxe3 Rf7 42. Qd3 Rd7 43. h5 a4 44. Qe2 Re7 45. Qg4 d5 46. Qg6 d4 47. Rd3 Qd7 48. cxd4 exd4 49. e5 Qd5 50. Qg4 Rc7 51. Rd1 d3 52. Qg6 d2 53. Qe8+ Kh7 54. Qg6+ Kh8 55. Qe8+ Kh7 1/2-1/2

[Event "6th Cesme Open-A 2018"]
[Site "Cesme"]
[Date "2018.06.30"]
[Round "7.9"]
[White "Guseynov, Alihan"]
[Black "Odeev, Handszar"]
[Result "1/2-1/2"]
[ECO "D94"]
[WhiteElo "2341"]
[BlackElo "2415"]
[Annotator "NA"]
[PlyCount "71"]
[EventDate "2018.06.26"]
[EventType "swiss"]
[EventCountry "TUR"]
[SourceTitle "playchess.com"]
[Source "ChessBase"]
[SourceQuality "1"]
[TimeControl "5400+30"]

1. d4 Nf6 2. c4 g6 3. Nc3 d5 4. Nf3 Bg7 5. e3 O-O 6. Bd2 e6 7. Rc1 Ne4 {[%emt 0:00:30] D94: Grünfeld: 4 Nf3 Bg7 5 e3} (7... b6 8. Be2 Bb7 9. O-O Nbd7 10. b4 dxc4 11. Bxc4 c5 12. dxc5 bxc5 13. Na4 cxb4 14. Bxb4 Re8 15. Nc5 Nxc5 16. Bxc5 Ne4 17. Qxd8 Rexd8 18. Bd4 Bxd4 19. Nxd4 Nd2 20. Rfe1 e5 21. Nb3 Nxc4 {½-½ (21) Granda Zuniga,J (2646)-Ivanisevic,I (2648) Sitges 2016}) 8. Bd3 Nxd2 {[%emt 0:01:30] LiveBook: 5 Games} 9. Qxd2 ({Much weaker is} 9. Kxd2 dxc4 10. Bxc4 c5 $15) 9... dxc4 10. Bxc4 Nd7 11. O-O a6 $146 ({Predecessor:} 11... c5 12. Rfd1 cxd4 13. Nxd4 Qe7 14. Be2 a6 15. Nb3 {1-0 (79) Stern,R (2506)-Degtiarev,E (2368) Germany 2010}) 12. Rfd1 Qe7 13. a4 Rd8 14. Qc2 b6 15. d5 Ne5 16. Nxe5 Bxe5 17. Qe4 Bd6 18. dxe6 Bxe6 19. Bxe6 Qxe6 20. Qxe6 fxe6 21. Ne4 Be7 22. Kf1 c5 23. Rxd8+ Rxd8 {[%emt 0:00:00] [#]} 24. a5 $1 bxa5 25. Ra1 Rb8 26. Rxa5 Rxb2 27. Rxa6 Kf7 28. Rc6 Rc2 29. h3 Rc4 30. Nd2 Ra4 31. Ke2 Ra2 32. Kd3 Ra3+ 33. Ke2 Ra2 34. Kd3 Ra3+ 35. Kc4 Ra2 $11 36. Ne4 1/2-1/2

[Event "6th Cesme Open-A 2018"]
[Site "Cesme"]
[Date "2018.06.30"]
[Round "7.10"]
[White "Bashirli, Nail"]
[Black "Koksal, Ege"]
[Result "1-0"]
[ECO "C80"]
[WhiteElo "2385"]
[BlackElo "2356"]
[Annotator "ChessBase"]
[PlyCount "89"]
[EventDate "2018.06.26"]
[EventType "swiss"]
[EventCountry "TUR"]
[SourceTitle "playchess.com"]
[Source "ChessBase"]
[SourceQuality "1"]
[TimeControl "5400+30"]

1. e4 e5 2. Nf3 Nc6 3. Bb5 a6 4. Ba4 Nf6 5. O-O Nxe4 6. Re1 Nc5 7. Bxc6 dxc6 8. Nxe5 Be7 9. d4 Ne6 10. Be3 O-O 11. c4 Bg5 12. d5 cxd5 13. cxd5 Bxe3 14. Rxe3 Nf4 15. Nc3 Ng6 16. Qh5 Nxe5 17. Rxe5 Bd7 18. Re4 Qf6 19. Rb4 Rab8 20. Ne4 Qe7 21. Rc4 Bb5 22. Rd4 Rbe8 23. h3 c5 24. d6 Qe5 25. Qxe5 Rxe5 26. f4 cxd4 27. fxe5 Re8 28. a4 Bc6 29. Nc5 Kf8 30. Re1 Rd8 31. Rd1 a5 32. Rxd4 Ke8 33. Rh4 h6 34. Rg4 b6 35. Na6 Kd7 36. Nc7 g5 37. Rd4 Bb7 38. Kf2 Kc6 39. Ke3 Bc8 40. Rc4+ Kd7 41. Nd5 Ke6 42. Kd4 Bd7 43. g4 Bc8 44. Rc7 Re8 45. Nf6 1-0

[Event "6th Cesme Open-A 2018"]
[Site "Cesme"]
[Date "2018.06.30"]
[Round "7.11"]
[White "Kamer, Kayra"]
[Black "Barsov, Alexei"]
[Result "0-1"]
[ECO "D77"]
[WhiteElo "2181"]
[BlackElo "2371"]
[Annotator "NA"]
[PlyCount "92"]
[EventDate "2018.06.26"]
[EventType "swiss"]
[EventCountry "TUR"]
[SourceTitle "playchess.com"]
[Source "ChessBase"]
[SourceQuality "1"]
[TimeControl "5400+30"]

1. Nf3 d5 2. g3 g6 3. Bg2 Bg7 4. d4 Nf6 5. O-O O-O 6. c4 dxc4 7. Na3 c3 8. bxc3 c5 9. Ne5 Nfd7 10. Nac4 {[%emt 0:03:30] LiveBook: 10 Games} Nxe5 11. Nxe5 cxd4 {[%emt 0:00:30] D77: Fianchetto Grünfeld: 6 0-0: Replies other than 6...c6} 12. cxd4 Nd7 13. Bf4 (13. Bb2 Nxe5 14. dxe5 Qxd1 15. Rfxd1 Be6 16. f4 Rac8 17. Rdc1 b6 18. a4 Bc4 19. Kf2 {0-1 (51) Fressinet,L (2672)-Henriquez Villagra,C (2517) Doha 2016}) 13... Nxe5 14. dxe5 Qa5 15. Qd5 Qa6 $146 ({Predecessor:} 15... Qxd5 16. Bxd5 Rb8 17. Rfc1 b6 18. Rab1 {½-½ (35) Mahalakshmi,M (2191)-Gomez Barrera,J (1972) Tarvisio 2017}) 16. Rac1 Rb8 17. Qc5 Be6 18. Qxe7 Qxa2 19. Rc7 (19. Bxb7 $11 {keeps the balance.} Qxe2 20. Rfe1) 19... b5 20. Rxa7 Qxe2 21. Qb4 Rfd8 22. h4 Bxe5 23. Bg5 Rd1 24. Rxd1 Qxd1+ 25. Kh2 Qd4 26. Qxd4 Bxd4 27. Ra5 b4 28. Bf4 Rc8 29. Bb7 (29. Be5 {was worth a try.} Bxe5 30. Rxe5) 29... Rc2 30. Bh6 Rxf2+ 31. Kh1 Rf1+ 32. Kg2 Rf2+ 33. Kh1 f5 34. Bc6 Rf1+ 35. Kg2 Rf2+ 36. Kh1 Rc2 37. Ba4 Rc8 38. Rb5 Bc3 39. Rb6 Bd5+ 40. Kh2 Ra8 $19 41. Rb5 Rxa4 42. Rxd5 b3 43. Rd8+ Kf7 44. Rf8+ Ke6 45. Re8+ Kd7 46. Rb8 Rxh4+ 0-1

[Event "6th Cesme Open-A 2018"]
[Site "Cesme"]
[Date "2018.06.30"]
[Round "7.12"]
[White "Yildiz Kadioglu, Betul Cemre"]
[Black "Cansun, Can Alp"]
[Result "1-0"]
[ECO "B41"]
[WhiteElo "2323"]
[BlackElo "1918"]
[Annotator "NA"]
[PlyCount "129"]
[EventDate "2018.06.26"]
[EventType "swiss"]
[EventCountry "TUR"]
[SourceTitle "playchess.com"]
[Source "ChessBase"]
[SourceQuality "1"]
[TimeControl "5400+30"]

1. e4 c5 2. Nf3 e6 3. d4 cxd4 4. Nxd4 a6 5. c4 Nf6 6. Nc3 Bb4 7. Bd3 Nc6 8. a3 {[%emt 0:00:00] B41: Sicilian: Kan Variation: 5 c4} (8. Be3 Ne5 9. O-O Bxc3 10. bxc3 Qc7 11. h3 b6 12. Rb1 Bb7 13. f3 d6 14. Be2 O-O 15. Qb3 Ned7 16. Nc2 {1-0 (68) Nguyen,A (2465)-Gareyev,T (2611) Singapore 2018}) 8... Bd6 9. Nf3 $146 Qc7 10. h3 h6 11. Be3 b6 12. Rc1 Ne5 13. Nxe5 Bxe5 14. Na4 Rb8 15. O-O Bh2+ 16. Kh1 Bf4 17. Qf3 Bxe3 18. Qxe3 d6 19. b4 O-O 20. f4 Bb7 21. Nc3 Rbd8 22. Ne2 Qb8 23. Nd4 Qa8 24. Rce1 Rfe8 25. Re2 e5 (25... Nh5 $11 {remains equal.}) 26. Nf5 Nh5 27. g3 exf4 28. gxf4 Re6 29. Qf3 Nf6 (29... g6 $11 {hält das Gleichgewicht.}) 30. Qg2 Ne8 31. Kh2 Kh8 32. Rfe1 Rg6 33. Qf2 b5 34. Qd4 Nc7 35. Nh4 Rf6 36. f5 bxc4 37. Bxc4 d5 38. e5 dxc4 39. Qxc4 Rc6 40. Qxf7 Nd5 41. f6 Rxf6 42. exf6 Qb8+ 43. Kg1 Nxf6 44. Nf5 Rg8 45. Qg6 Qc7 46. Qg3 Qc6 47. Kh2 Nd5 48. Rg1 Qf6 49. Rf2 Qe6 50. Nd6 Bc6 51. Nf7+ Kh7 52. Ne5 Be8 53. Rf8 Nf6 54. Rxg8 Qxg8 55. Qd3+ g6 $2 (55... Kh8 {keeps fighting.} 56. Qc4 Qxc4 57. Nxc4 Kg8) 56. Qxa6 Nd5 57. Qd6 Nf4 58. Qe7+ Qg7 59. Qxe8 Nd3 60. Nxd3 Qc7+ 61. Qe5 Qc2+ 62. Rg2 Qxd3 63. Qe7+ Kg8 64. Qe6+ Kg7 {[%emt 0:00:00] [#]} 65. Qxg6+ $18 1-0

[Event "6th Cesme Open-A 2018"]
[Site "Cesme"]
[Date "2018.06.30"]
[Round "7.13"]
[White "Samani, Yamac"]
[Black "Haznedaroglu, Kivanc"]
[Result "0-1"]
[ECO "B66"]
[WhiteElo "2227"]
[BlackElo "2472"]
[Annotator "ChessBase"]
[PlyCount "104"]
[EventDate "2018.06.26"]
[EventType "swiss"]
[EventCountry "TUR"]
[SourceTitle "playchess.com"]
[Source "ChessBase"]
[SourceQuality "1"]
[TimeControl "5400+30"]

1. e4 c5 2. Nf3 Nc6 3. d4 cxd4 4. Nxd4 Nf6 5. Nc3 d6 6. Bg5 e6 7. Qd2 a6 8. O-O-O Bd7 9. f3 h6 10. Be3 h5 11. Kb1 Be7 12. Bd3 b5 13. g3 Qc7 14. h3 b4 15. Nce2 d5 16. Nxc6 Bxc6 17. e5 Nd7 18. Nd4 Nxe5 19. Bf4 Bd6 20. Rhe1 Bb7 21. Nf5 f6 22. Nxd6+ Qxd6 23. Bxe5 fxe5 24. Qg5 h4 25. Rxe5 O-O 26. f4 hxg3 27. Rg1 Qd8 28. Qxg3 Rf7 29. Rg5 Qf6 30. Bg6 Rc7 31. Qh4 Kf8 32. Bd3 Rf7 33. Qh7 Qh6 34. Qxh6 gxh6 35. Rg6 Ke7 36. Rxh6 Raf8 37. Re1 Rf6 38. Rxf6 Kxf6 39. b3 Rh8 40. Re3 Rh4 41. Rf3 d4 42. Rg3 Rxf4 43. Rg6+ Ke5 44. Rh6 Be4 45. Bc4 Bf5 46. Bxa6 Rf3 47. h4 Rh3 48. Rh8 Rh1+ 49. Kb2 Rh2 50. Rc8 d3 51. a4 bxa3+ 52. Kxa3 d2 0-1

[Event "6th Cesme Open-A 2018"]
[Site "Cesme"]
[Date "2018.06.30"]
[Round "7.14"]
[White "Allajov, Ramil"]
[Black "Rzayev, Bahruz"]
[Result "0-1"]
[ECO "D32"]
[WhiteElo "2168"]
[BlackElo "2405"]
[Annotator "NA"]
[PlyCount "115"]
[EventDate "2018.06.26"]
[EventType "swiss"]
[EventCountry "TUR"]
[SourceTitle "playchess.com"]
[Source "ChessBase"]
[SourceQuality "1"]
[TimeControl "5400+30"]

1. Nf3 c5 2. c4 Nc6 3. e3 e6 4. d4 d5 5. Nc3 Nf6 6. cxd5 exd5 7. Be2 Be7 8. O-O O-O 9. dxc5 Bxc5 10. b3 a6 11. Bb2 Ba7 12. Na4 {[%emt 0:00:30] D32: Tarrasch Defence: Sidelines and lines without g3} Ne4 13. Rc1 {[%emt 0:02:30] LiveBook: 14 Partien [#]} f5 $146 ({Predecessor:} 13... Qd6 14. Nc3 Nf6 15. Rc2 Be6 16. Rd2 Rad8 17. Qa1 Rfe8 18. Rfd1 Qc7 19. Bf1 Ng4 20. h3 Nxe3 21. fxe3 Bxe3+ 22. Kh1 Bxd2 23. Rxd2 {1-0 (47) Fridman,D (2639)-Rombaldoni,A (2507) Riga 2014}) 14. Ne5 f4 (14... Qd6 $11 {keeps the balance.} 15. Nxc6 bxc6) 15. exf4 (15. Rxc6 $5 bxc6 16. Nxc6 $16) 15... Rxf4 16. Bf3 Qd6 17. Bxe4 Rxe4 18. Nc4 (18. Nxc6 $15 bxc6 19. Rc3) 18... Qd8 19. Nd2 Bg4 20. Qc2 Re2 21. Qd3 Qf8 22. Nf3 Bxf3 23. gxf3 Rae8 24. Qxd5+ Kh8 25. Rc4 Ne5 (25... Rd8 $17 26. Qh5 Bd4 27. Bxd4 Nxd4) 26. Bxe5 $1 R8xe5 27. Qxb7 Rg5+ 28. Kh1 Rxf2 29. Rxf2 Bxf2 30. h3 Rg1+ 31. Kh2 Rd1 (31... Qd6+ $11 {bleibt in der Remisbreite.} 32. f4 h6) 32. Rc8 Rd8 33. Rxd8 $16 (33. Nc3 $2 ) 33... Qxd8 34. Nc3 a5 35. Kg2 Bb6 36. Qd5 Qc8 37. Qc4 Qd8 38. Ne4 h6 $1 39. f4 Qd7 40. a3 Bc7 41. Kg3 Qd8 42. Kf3 Qd1+ 43. Kg3 Qd8 44. Kf3 Bb6 45. Qc2 Qd5 46. Kg3 Qf5 47. Qc6 Bd4 ({Günstiger ist} 47... Kh7 $11) 48. b4 Kh7 49. Nc5 axb4 $11 (49... Bxc5 $5 50. Qxc5 (50. bxc5 Qd3+ 51. Kg4 Qe2+ 52. Kf5 Qe3 $16) 50... Qd3+ 51. Kg4 Qg6+ 52. Kf3 axb4 53. axb4 Qd3+ 54. Qe3 Qf1+ 55. Kg3 Qb1 $16) 50. axb4 Bc3 51. b5 Be1+ 52. Kf3 Qxh3+ 53. Ke2 Bg3 54. Qe4+ Kh8 55. Ne6 Qh2+ 56. Kf3 Qh1+ 57. Ke3 Bf2+ 58. Kd3 0-1

[Event "6th Cesme Open-A 2018"]
[Site "Cesme"]
[Date "2018.06.30"]
[Round "7.15"]
[White "Makaraci, Tunahan"]
[Black "Sari, Yasin"]
[Result "0-1"]
[ECO "C10"]
[WhiteElo "2021"]
[BlackElo "2330"]
[Annotator "NA"]
[PlyCount "116"]
[EventDate "2018.06.26"]
[EventType "swiss"]
[EventCountry "TUR"]
[SourceTitle "playchess.com"]
[Source "ChessBase"]
[SourceQuality "1"]
[TimeControl "5400+30"]

1. e4 e6 2. d4 d5 3. Nc3 dxe4 4. Nxe4 Bd7 5. Nf3 Bc6 6. Neg5 Nd7 {[%emt 0:09:30] C10: French with 3 Nc3: Unusual Black 3rd moves and 3...dxe4} (6... Bd6 7. Bd3 h6 8. Ne4 Nf6 9. Qe2 Nxe4 10. Bxe4 Bxe4 11. Qxe4 c6 12. O-O O-O 13. c4 Nd7 14. Rd1 {½-½ (26) Tari,A (2570)-Blomqvist,E (2545) Vasteras 2016}) 7. Nxf7 Kxf7 8. Ng5+ Ke8 9. Bc4 Bxg2 10. Rg1 {[%emt 0:04:00] LiveBook: 3 Games} Bd5 11. Bxd5 exd5 12. Qe2+ $146 ({Predecessor:} 12. Rg3 Ndf6 13. Qe2+ Ne4 14. f3 {½-½ (41) Nielsen,P (2440)-Rice,C Gausdal 1993}) 12... Qe7 13. Ne6 Ngf6 14. Nxc7+ Kf7 15. Nxa8 Qxe2+ 16. Kxe2 Bd6 17. h3 Rxa8 18. Be3 Rc8 19. Kd3 Nb6 20. c3 Na4 21. Rab1 b5 22. Rgc1 Nb6 23. b3 Nh5 (23... a6 $17 24. f3 Nh5) 24. a4 bxa4 25. bxa4 Rc7 26. a5 (26. Rb5 $1 $11) 26... Nc4 27. a6 Ke6 28. Rb3 (28. Rb7 $142) 28... Rc6 29. Ra1 {[%emt 0:03:30] [#]} Nb6 $1 30. Ra5 Nf6 31. f3 Nfd7 32. Ra1 Rc8 33. Rg1 g6 34. Bg5 Kf7 35. Re1 Nf8 36. Reb1 Ne6 37. Be3 Ke7 38. Rh1 Rf8 39. Ke2 Kd7 40. h4 Rf5 41. Bg5 Be7 42. Bxe7 Kxe7 43. Kf2 Kd7 44. Re1 Nc7 45. Rb2 Rf6 46. Kg3 Rc6 47. Rc2 Nb5 48. Rce2 Nc8 49. Re8 $19 Rf6 50. Rh8 Rf7 51. Ree8 Ncd6 52. Rb8 Kc6 53. Kg4 Nxc3 54. Rbf8 Rd7 55. Kf4 Re7 56. Rf6 Ne2+ 57. Kg5 Nxd4 58. Rd8 Ne6+ 0-1

[Event "6th Cesme Open-A 2018"]
[Site "Cesme"]
[Date "2018.06.30"]
[Round "7.16"]
[White "Charkhalashvili, Inga"]
[Black "Karaahmetoglu, Ege"]
[Result "1-0"]
[ECO "E15"]
[WhiteElo "2325"]
[BlackElo "2040"]
[Annotator "NA"]
[PlyCount "87"]
[EventDate "2018.06.26"]
[EventType "swiss"]
[EventCountry "TUR"]
[SourceTitle "playchess.com"]
[Source "ChessBase"]
[SourceQuality "1"]
[TimeControl "5400+30"]

1. d4 Nf6 2. c4 e6 3. Nf3 b6 4. g3 Ba6 5. b3 Bb4+ 6. Bd2 Be7 7. Bg2 d5 8. Bc3 O-O {[%emt 0:01:00] E15: Queen's Indian: 4 g3 sidelines, 4 g3 Ba6 and 4 g3 Bb7 early deviations} 9. Nbd2 Bb7 10. O-O Na6 (10... Nbd7 11. Re1 c5 12. e3 Rc8 13. Bb2 a6 14. Qe2 dxc4 15. Nxc4 {0-1 (47) Henriquez Villagra,C (2517)-Debashis,D (2472) Doha 2016}) 11. Bb2 c5 {[%emt 0:03:30] LiveBook: 9 Games} 12. Rc1 Rc8 13. e3 Nb4 14. Qe2 Nxa2 15. Ra1 Nb4 16. Rxa7 Ba6 17. Ra1 $146 ({Predecessor:} 17. Bc3 Rc7 18. Rxc7 Qxc7 19. Ra1 Ra8 20. Bxb4 cxb4 {½-½ (103) Wagner,D (2355)-Laubert,J (2082) playchess.com INT 2012}) 17... Ra8 18. Rxa8 Qxa8 19. Bc3 Qc8 20. Bxb4 cxb4 21. Ne5 Bd6 22. e4 Bb7 23. Nd3 dxe4 24. Nxe4 Nxe4 25. Bxe4 Rd8 26. Ra7 Rd7 27. Bxb7 Rxb7 28. Ra2 g6 29. Qe4 Bf8 30. Ne5 Qc7 31. Nc6 Qc8 32. h4 Rc7 33. d5 $14 (33. Nxb4 $16 Qd7 34. Nd3) 33... exd5 34. cxd5 Qf5 35. Qxf5 gxf5 36. Ra8 Rd7 37. Rb8 Kg7 38. Rxb6 Bc5 39. Rb5 Rxd5 40. Kg2 Rd3 41. Rxc5 Rxb3 42. Rb5 f4 43. gxf4 Rc3 44. Nxb4 1-0

[Event "6th Cesme Open-A 2018"]
[Site "Cesme"]
[Date "2018.06.30"]
[Round "7.17"]
[White "Erten, Kerem"]
[Black "Zeynalli, Rashad"]
[Result "0-1"]
[ECO "A00"]
[WhiteElo "1779"]
[BlackElo "2295"]
[Annotator "ChessBase"]
[PlyCount "150"]
[EventDate "2018.06.26"]
[EventType "swiss"]
[EventCountry "TUR"]
[SourceTitle "playchess.com"]
[Source "ChessBase"]
[SourceQuality "1"]
[TimeControl "5400+30"]

1. e3 g6 2. Nf3 Bg7 3. Be2 e5 4. d4 e4 5. Nfd2 f5 6. c4 Nf6 7. Nc3 O-O 8. O-O d6 9. Qc2 Be6 10. f3 exf3 11. Nxf3 Bd7 12. d5 Na6 13. Nd4 Qe7 14. Bf3 Nc5 15. Bd2 Rae8 16. Ncb5 Bxb5 17. cxb5 Nfe4 18. Rae1 Nxd2 19. Qxd2 Bxd4 20. exd4 Ne4 21. Qd3 h5 22. Re2 Kg7 23. Rfe1 Qf7 24. Rc1 Re7 25. Rec2 Rfe8 26. Bxe4 fxe4 27. Qe3 Kg8 28. Qg5 Rf8 29. h3 e3 30. Re2 Qf6 31. Qxf6 Rxf6 32. Rce1 Re4 33. Rxe3 Rxd4 34. Re7 Rc4 35. Rd7 Rf7 36. Ree7 Rxe7 37. Rxe7 Kf8 38. Rh7 Rc2 39. a4 a6 40. bxa6 bxa6 41. Rh8+ Ke7 42. Ra8 Rxb2 43. Rxa6 Kf6 44. Ra7 Rc2 45. Ra8 Rc5 46. a5 Rxd5 47. a6 Ra5 48. Rc8 c5 49. Ra8 Ke5 50. a7 Kd5 51. Kf2 Ra6 52. Ke3 Kc6 53. Kd3 Kb6 54. Rg8 Rxa7 55. Rxg6 Kc6 56. Kc4 h4 57. Kb3 Re7 58. Rg4 Re3+ 59. Kc2 d5 60. Rxh4 Rg3 61. Rh8 c4 62. h4 Kc5 63. h5 Rxg2+ 64. Kc1 Kd4 65. h6 Kc3 66. Kd1 d4 67. h7 Rh2 68. Ra8 Rh1+ 69. Ke2 d3+ 70. Ke3 Rh3+ 71. Kf2 Rxh7 72. Ra3+ Kb2 73. Ra4 c3 74. Rd4 c2 75. Rb4+ Kc3 0-1

[Event "6th Cesme Open-A 2018"]
[Site "Cesme"]
[Date "2018.06.30"]
[Round "7.18"]
[White "Ozcoban, Kadir"]
[Black "Agdelen, Huseyin Can"]
[Result "0-1"]
[ECO "B96"]
[WhiteElo "1853"]
[BlackElo "2276"]
[Annotator "NA"]
[PlyCount "48"]
[EventDate "2018.06.26"]
[EventType "swiss"]
[EventCountry "TUR"]
[SourceTitle "playchess.com"]
[Source "ChessBase"]
[SourceQuality "1"]
[TimeControl "5400+30"]

1. e4 c5 2. Nf3 d6 3. d4 cxd4 4. Nxd4 Nf6 5. Nc3 a6 6. Bg5 e6 7. f4 h6 8. Bh4 Qb6 9. a3 Be7 {[%emt 0:01:30] B96: Sizilianisch (Najdorf-Variante)} 10. Bf2 Qc7 11. Qf3 (11. Bd3 e5 12. Nde2 b5 13. Qd2 Nbd7 14. O-O-O Rb8 15. h3 b4 16. axb4 Rxb4 17. g4 {0-1 (57) Najer,E (2693)-Wojtaszek,R (2741) Czech Republic 2018}) 11... Nbd7 12. O-O-O {[%emt 0:01:30] LiveBook: 39 Games} b5 13. Bxb5 axb5 14. Ncxb5 $146 ({Vorgänger:} 14. Ndxb5 Qb8 15. e5 Bb7 16. Qe2 dxe5 17. fxe5 {0-1 (28) Leban,S-Minic,D Novi Sad 1965}) 14... Qb8 15. Rhe1 Bb7 16. Bh4 Nc5 17. Bxf6 Bxf6 18. b4 (18. Nxe6 {ist eine bessere Verteidigung.} Nxe6 19. Nxd6+ Kf8 20. Qb3) 18... O-O 19. h4 $19 Nxe4 20. Rxe4 e5 21. Nxd6 Qxd6 22. fxe5 Bxe5 23. Nf5 Bxe4 24. Qxe4 Bf4+ 0-1

[Event "6th Cesme Open-A 2018"]
[Site "Cesme"]
[Date "2018.06.30"]
[Round "7.19"]
[White "Ozkan, Ervin"]
[Black "Yasin, Hur"]
[Result "1-0"]
[ECO "B13"]
[WhiteElo "2171"]
[BlackElo "1991"]
[Annotator "NA"]
[PlyCount "101"]
[EventDate "2018.06.26"]
[EventType "swiss"]
[EventCountry "TUR"]
[SourceTitle "playchess.com"]
[Source "ChessBase"]
[SourceQuality "1"]
[TimeControl "5400+30"]

1. d4 Nf6 2. Bf4 e6 3. e3 c5 4. c3 Nc6 5. Nd2 d5 6. Bd3 cxd4 7. exd4 Bd6 8. Bxd6 Qxd6 9. Ngf3 O-O 10. Qe2 {[%emt 0:00:30] B13: Caro-Kann (Abtausch-Variante 4.c4)} (10. O-O e5 11. dxe5 Nxe5 12. Nxe5 Qxe5 13. Nf3 Qh5 14. Nd4 Qh4 15. Qf3 Ne4 16. Rfe1 f5 17. Bc2 b5 18. Bb3 {½-½ (44) Shen,Y (2465)-Mamedjarova,T (2260) Riadh 2017}) 10... g6 11. O-O Nh5 12. g3 f6 13. Rfe1 $146 ({Vorgänger:} 13. Nh4 Ne7 14. f4 Ng7 15. Nb3 b6 16. Rae1 Bd7 17. Nd2 Be8 {½-½ (50) Hipler,A (1858)-Wiesrecker,F (1863) Frankfurt 2013}) 13... Bd7 14. c4 Rae8 15. a3 Ng7 16. b4 Nxd4 17. Nxd4 dxc4 18. Bxg6 hxg6 19. Nxc4 Qe7 ({Ein No Go ist} 19... Qxd4 $6 20. Red1 $16 (20. Rad1 Qc3 $16)) 20. f4 Rc8 21. Rac1 Rfd8 22. Na5 Rxc1 23. Rxc1 Ba4 24. Ndb3 b6 25. Nc6 Bxc6 $1 26. Rxc6 Qd7 27. Rc3 Qd5 28. Qf3 $11 Qd6 29. Kg2 Kf7 30. Rc2 Rd7 31. Kh3 Nf5 32. Rd2 Qc7 33. Qd1 Rxd2 34. Qxd2 Ke7 35. Nd4 Nxd4 36. Qxd4 Qc2 37. Qe3 Qd1 38. Qc3 Qh5+ 39. Kg2 Qe2+ 40. Kh3 Qh5+ 41. Kg2 Qe2+ 42. Kg1 Qd1+ 43. Kf2 Qd6 44. Qf3 Qd2+ 45. Kg1 Kd6 46. g4 a5 47. bxa5 bxa5 48. Qg3 Kd5 49. Qb3+ Kd4 50. Qb6+ Kd5 51. Qd8+ 1-0

[Event "6th Cesme Open-A 2018"]
[Site "Cesme"]
[Date "2018.06.30"]
[Round "7.20"]
[White "Yigit, Ahmet Yasir"]
[Black "Topel, Zehra"]
[Result "0-1"]
[ECO "B51"]
[WhiteElo "1939"]
[BlackElo "2145"]
[Annotator "NA"]
[PlyCount "136"]
[EventDate "2018.06.26"]
[EventType "swiss"]
[EventCountry "TUR"]
[SourceTitle "playchess.com"]
[Source "ChessBase"]
[SourceQuality "1"]
[TimeControl "5400+30"]

1. e4 c5 2. Nf3 d6 3. Bb5+ Nc6 4. O-O Bd7 5. Re1 a6 6. Bf1 Bg4 7. h3 Bh5 {[%emt 0:00:00] B51: Sicilian: Moscow Variation (3 Bb5+) without 3...Bd7} 8. c3 {[%emt 0:01:30] LiveBook: 22 Games} e6 {[%emt 0:02:00] [#]} (8... Rc8 9. g4 Bg6 10. d4 h5 11. d5 Ne5 12. Nh2 hxg4 13. hxg4 e6 14. Bf4 Nf6 15. Bg2 {0-1 (47) Caruana,F (2782)-Nakamura,H (2789) Zuerich 2014}) 9. g4 $1 Bg6 10. d4 cxd4 11. cxd4 Nf6 12. Nc3 d5 13. exd5 Nxd5 {[%emt 0:00:30] [#]} 14. Qb3 $146 ({Besser ist Predecessor:} 14. Nxd5 $16 Qxd5 15. Bg2 Bb4 16. Ne5 Qd6 {½-½ (35) Zelcic,R (2557)-Brkic,A (2588) Stari Mikanovci 2011}) 14... Nxc3 15. bxc3 Na5 16. Qb2 Be7 17. Ne5 O-O 18. Bf4 Rc8 19. Bg2 b5 20. a4 b4 21. cxb4 Rc2 22. Qb1 Qxd4 23. Bg3 $1 Rb2 24. Nxg6 hxg6 25. Qe4 Rxb4 26. Qxd4 Rxd4 27. Be5 Rd7 28. Bc3 Nb3 29. Rab1 Nc5 30. a5 Rc8 31. Bf1 Nd3 32. Re3 Rxc3 33. Rd1 Nc5 34. Rxd7 Rxe3 35. Rxe7 Ra3 36. Re8+ Kh7 37. Rc8 Rxa5 38. Rc6 g5 39. f3 Kg6 40. Kf2 Kf6 41. Ke3 Ke5 42. Bc4 Ra3+ 43. Kf2 Kd4 44. Be2 a5 45. Rc7 Ra2 46. Kf1 a4 47. Rxf7 a3 $19 48. Ra7 Ra1+ 49. Kf2 a2 50. Ra3 Nb3 51. Rxb3 Rb1 52. Rd3+ Kc5 53. Ra3 a1=Q 54. Rxa1 Rxa1 55. Bd3 Kd4 56. Be4 Ra2+ 57. Kg3 Ke3 58. h4 Ra5 59. hxg5 Rxg5 60. Bb7 Rc5 61. f4 Rc1 62. f5 e5 63. g5 e4 64. Kg2 Rc5 65. Kg3 Rxf5 66. Kg4 Rf1 67. Kh5 Rg1 68. Kg6 Kf4 0-1

[Event "6th Cesme Open-A 2018"]
[Site "Cesme"]
[Date "2018.06.30"]
[Round "8.1"]
[White "Kovchan, Alexander"]
[Black "Rasulov, Vugar Ural Oglu"]
[Result "1-0"]
[ECO "B37"]
[WhiteElo "2572"]
[BlackElo "2516"]
[Annotator "ChessBase"]
[PlyCount "117"]
[EventDate "2018.06.26"]
[EventType "swiss"]
[EventCountry "TUR"]
[SourceTitle "playchess.com"]
[Source "ChessBase"]
[SourceQuality "1"]
[TimeControl "5400+30"]

1. c4 c5 2. Nf3 g6 3. d4 cxd4 4. Nxd4 Nc6 5. e4 Nf6 6. Nc3 d6 7. Nc2 Bg7 8. Be2 O-O 9. O-O Nd7 10. Bd2 Nc5 11. b4 Ne6 12. Rc1 Bd7 13. Nd5 Ncd4 14. Nxd4 Nxd4 15. Bg5 Re8 16. Bd3 Bc6 17. Qd2 Rc8 18. Rfe1 b6 19. h3 Bb7 20. Bh4 f6 21. f3 e6 22. Nc3 Nc6 23. Bf1 Qe7 24. a3 Red8 25. Nb5 Rd7 26. Bg3 Bf8 27. Bf2 Qf7 28. Rcd1 Rcd8 29. Qc2 Kg7 30. Qa4 g5 31. Rd2 h5 32. Qb3 Ba8 33. Red1 Ne5 34. Nd4 Kh8 35. Qe3 Qg8 36. Kh1 Kh7 37. Nb5 Bc6 38. Nd4 Ba8 39. Bg3 Bh6 40. Nb5 Qf8 41. Bh2 Qe7 42. Rd4 Bc6 43. a4 g4 44. Qf2 gxf3 45. gxf3 f5 46. Bg2 fxe4 47. fxe4 a6 48. Nxd6 Bxa4 49. Bxe5 Bxd1 50. Bf6 Qf8 51. e5 Ba4 52. Rh4 Kg8 53. Rxh5 Bd1 54. Rh4 Bg7 55. c5 bxc5 56. bxc5 Rb8 57. Be4 Bb3 58. Qg3 Bd5 59. Rh8+ 1-0